 Dungeon Crawl Stone Soup version 0.27.1-3-gb3d3a73c9e (webtiles) character file.

Game seed: 4099056591515821729

209 MarxPower the Cudgeller (level 5, -2/34 HPs)
             Began as a Gargoyle Berserker on Oct 5, 2021.
             Was a Priest of Trog.
             Slain by Eustachio (7 damage)
             ... on level 4 of the Dungeon on Oct 8, 2021.
             The game lasted 00:44:09 (2674 turns).

MarxPower the Cudgeller (Gargoyle Berserker)        Turns: 2674, Time: 00:44:09

Health: -2/34      AC: 15    Str: 22    XL:     5   Next: 87%
Magic:  5/5        EV:  6    Int:  7    God:    Trog [***...]
Gold:   52         SH:  0    Dex:  9    Spells: 4/4 levels left

rFire    . . .     SeeInvis .   a - +0 mace
rCold    . . .     Faith    .   (no shield)
rNeg     + . .     Spirit   .   p - +0 plate armour
rPois    ∞         Reflect  .   (no helmet)
rElec    +         Harm     .   (no cloak)
rCorr    .         Rampage  .   (no gloves)
Will     .....                  (no boots)
Stlth    ..........             (no amulet)
HPRegen  0.11/turn              (no ring)
MPRegen  0.09/turn              (no ring)

@: no status effects
A: sickness immunity, AC +4, negative energy resistance 1, electricity
resistance, torment resistance 1, petrification resistance
a: Renounce Religion, Berserk, Trog's Hand


You were on level 4 of the Dungeon.
You worshipped Trog.
Trog was most pleased with you.
You visited 1 branch of the dungeon, and saw 4 of its levels.

You collected 52 gold pieces.

Inventory:

Hand Weapons
 a - a +0 mace (weapon)
 d - a +0 short sword
 f - a +0 short sword
 h - a +0 dagger
 j - a +0 dagger
 q - a +0 club
 u - a +0 dagger
Missiles
 c - 127 stones (quivered)
 e - 38 sling bullets
 r - 41 arrows
Armour
 b - a +0 animal skin
 g - a +0 scale mail
 l - a +0 robe
 o - a +0 robe
 p - a +0 plate armour (worn)
 v - a +0 chain mail
Wands
 z - a wand of paralysis (7)
Scrolls
 i - a scroll of immolation {unknown}
 k - 3 scrolls of teleportation {unknown}
 t - a scroll of noise {unknown}
 x - a scroll of fear {unknown}
 y - 2 scrolls of magic mapping {unknown}
Potions
 m - a potion of might {unknown}
 n - a potion of magic {unknown}
 s - a potion of berserk rage
 w - a potion of brilliance {unknown}


   Skills:
 + Level 4.3 Fighting
 + Level 4.7 Maces & Flails
 + Level 3.4 Armour
 + Level 2.0 Dodging
 + Level 1.0 Stealth


You had 4 spell levels left.
You didn't know any spells.
Your spell library was empty.

Dungeon Overview and Level Annotations

Branches:
Dungeon (4/15)
 Temple: D:4-7

Altars:
Dithmenos
Elyvilon
Hepliaklqana
Xom
Yredelemnul

Shops:
D:1 (

Annotations:
D:4 Eustachio


Innate Abilities, Weirdness & Mutations

You are immune to sickness and miasma.
Your stone body is resilient. (AC +4)
You are immune to poison.
You resist negative energy. (rN+)
You are resistant to electric shocks. (rElec)
You are resistant to unholy torment.
You are immune to petrification.


Message History

Eustachio gestures wildly while chanting.
The quokka bites you but does no damage.
You hit the quokka but do no damage.
The quokka bites you but does no damage.
You hit the quokka.
The quokka is moderately wounded.
The quokka bites you but does no damage. x2
You completely miss the quokka.
The quokka is moderately wounded.
The shadow imp disappears in a puff of smoke!
The quokka bites you.
* * * LOW HITPOINT WARNING * * *
You miss the quokka.
The quokka is moderately wounded.
The quokka bites you but does no damage.
You miss the quokka.
The quokka is moderately wounded.
The quokka bites you but does no damage.
The quokka bites you.
* * * LOW HITPOINT WARNING * * *
You completely miss the quokka.
The quokka is moderately wounded.
The quokka barely misses you.
You barely miss the quokka.
The quokka is moderately wounded.
The quokka closely misses you.
The quokka bites you but does no damage.
You thump the quokka!
You kill the quokka!
The quokka's corpse disappears in a puff of smoke!
The bat closely misses you.
You thump the bat!
You kill the bat!
The bat's corpse disappears in a puff of smoke!
You barely miss Eustachio.
Eustachio is almost dead.
Eustachio hits you with a +0 rapier.
* * * LOW HITPOINT WARNING * * *
Eustachio hits you with a +0 rapier!
You die...

##.
#.........####..
#.. ##.......##
##. #.# ##.....##
## #.# ##...##
#.# ##'## #.#
####[# #.#
##.##.#
#.#######5#.#.##
#.(....@@5.#...##
#########5......#
##.#...## #.##.##
#.##.# . #....# 8
###### . ##### .
##...## ### .


You could see Eustachio, an iron imp (summoned), a quasit (summoned) and a
shadow imp (summoned).

Vanquished Creatures
  A scorpion (D:4)
  4 gnolls (D:2)
  3 adders
  2 worms (D:2)
  A dart slug (D:3)
  3 orcs (D:3)
  5 bats
  5 endoplasms
  3 giant cockroaches
  5 goblins
  10 hobgoblins
  3 quokkas
  8 ball pythons
  6 frilled lizards
  11 kobolds
  7 rats
77 creatures vanquished.

Vanquished Creatures (others)
  9 plants (D:2)
9 creatures vanquished.

Grand Total: 86 creatures vanquished

Notes
Turn   | Place    | Note
-------+----------+-------------------------------------------
     0 | D:1      | MarxPower the Gargoyle Berserker began the quest for the
                  | Orb.
     0 | D:1      | Reached XP level 1. HP: 14/14 MP: 1/1
   147 | D:1      | Reached XP level 2. HP: 10/19 MP: 2/2
   462 | D:1      | Found Mul Ushi's Weapon Boutique.
   562 | D:1      | Reached XP level 3. HP: 22/23 MP: 3/3
   756 | D:2      | Reached ** piety under Trog
   896 | D:2      | Reached XP level 4. HP: 20/29 MP: 4/4
   932 | D:2      | Reached skill level 1 in Stealth
   937 | D:2      | HP: 1/29 [gnoll (4)]
  1091 | D:2      | Found a faded altar of an unknown god.
  1412 | D:3      | Reached XP level 5. HP: 24/33 MP: 5/5
  1686 | D:3      | Reached *** piety under Trog
  1720 | D:3      | Found a basalt altar of Yredelemnul.
  1824 | D:3      | Found a white marble altar of Elyvilon.
  1883 | D:3      | Found a shadowy altar of Dithmenos.
  1997 | D:3      | Found a shimmering altar of Xom.
  1999 | D:3      | Found a hazy altar of Hepliaklqana.
  2000 | D:3      | Noticed a spectral ugly thing
  2625 | D:4      | Noticed Eustachio
  2674 | D:4      | Slain by Eustachio

Illustrated notes

Levels and vault maps discovered:
D:1:      minmay_arrival_diagonal_passages, layout_loops_cross, serial_shops,
          shop
D:2:      layout_basic, ebering_ecumenical_altar_ruins, serial_bayou,
          serial_bayou_shore_b, serial_bayou_pond_e, serial_bayou_lake_a,
          serial_bayou_pond_b, interstate_on_off
D:3:      layout_loops_cross, regret_index_temple_of_mockery,
          mainiacjoe_overflow_surrounded_room,
          mainiacjoe_overflow_catch_the_wave
D:4:      layout_loops_corners, minmay_overflow_temple_star_hex,
          nemelex_spade_bored_becter, uniq_eustachio

Skill      XL: |  1  2  3  4  5 |
---------------+----------------+-----
Stealth        | 1 |  1.0
Fighting       | 4 |  4.3
Maces & Flails | 4 |  4.7
Dodging        | 2 |  2.0
Armour         | 3 |  3.4

Action                   |  1- 3 |  4- 6 || total
-------------------------+-------+-------++-------
Melee: Mace              |   108 |   184 ||   292
Throw: Stone             |       |     5 ||     5
  Use: Scroll            |       |     2 ||     2
Armor: Animal skin       |    12 |       ||    12
       Scale mail        |    21 |       ||    21
       Plate armour      |    26 |   133 ||   159
Dodge: Dodged            |    49 |    49 ||    98
